 Dungeon Crawl Stone Soup version 0.26-a0-812-g31a745ddcd (webtiles) character file.

Game seed: 9183986738196365170

9 feelmyfire the Skirmisher (level 2, 24/24 HPs)
             Began as a Demonspawn Abyssal Knight on Nov 25, 2020.
             Was a Follower of Lugonu.
             Quit the game on level 1 of the Dungeon.
             The game lasted 00:00:35 (411 turns).

feelmyfire the Skirmisher (DsAK)                     Turns: 411, Time: 00:00:35

Health: 24/24      AC:  3    Str: 12    XL:     2   Next: 6%
Magic:  4/4        EV: 11    Int: 13    God:    Lugonu [*.....]
Gold:   37         SH:  0    Dex: 12    Spells: 1/1 levels left

rFire    . . .     SeeInvis .   a - +1 falchion
rCold    . . .     Faith    .   (no shield)
rNeg     . . .     Spirit   .   b - +0 leather armour
rPois    .         Reflect  .   (no helmet)
rElec    .         Harm     .   (no cloak)
rCorr    .         Rampage  .   (no gloves)
MR       .....                  (no boots)
Stlth    +.........             (no amulet)
HPRegen  0.08/turn              (no ring)
MPRegen  0.09/turn              (no ring)

@: no status effects
A: claws 1
a: Depart the Abyss, Renounce Religion


You were on level 1 of the Dungeon.
You worshipped Lugonu.
Lugonu was aware of your devotion.
You visited 1 branch of the dungeon, and saw 1 of its levels.
You visited the Abyss 1 time.

You collected 37 gold pieces.

Inventory:

Hand Weapons
 a - a +1 falchion (weapon)
Armour
 b - a +0 leather armour (worn)
Scrolls
 c - 3 scrolls of identify {unknown}
 e - a scroll of remove curse {unknown}
Potions
 d - 3 potions of haste {unknown}
 f - a potion of curing {unknown}


   Skills:
 - Level 3.0 Fighting
 * Level 2.3 Long Blades
 - Level 1.7 Armour
 - Level 0.8 Dodging
 + Level 2.8 Invocations


You had one spell level left.
You didn't know any spells.
Your spell library was empty.

Dungeon Overview and Level Annotations

Branches:
Dungeon (1/15)

Altars:


Innate Abilities, Weirdness & Mutations

You have sharp fingernails.


Message History

You open the door.
There is an open door here.
You see here 13 stones.
You open the door.
There is an open door here.
There is a stone staircase leading down here.
Things that are here:
a +0 club; a hobgoblin skeleton; a rat skeleton You now have 24 gold pieces (gained 2).
You now have 37 gold pieces (gained 13).
Found 20 stones.
A frilled lizard comes into view.
The frilled lizard hisses angrily.
You hit the frilled lizard.
You kill the frilled lizard!
Lugonu accepts your kill.
No target in view!
No target in view!
Quiver which item? (- for none, * to show all) (? for menu, Esc to quit)
Okay, then.

#.#...####.
#...###
###.###
#...# ##.#.#
#....#
##.#.##
####....#
#.†@...##
........####
.......##
.......
.......
.......
.......
.......


There were no monsters in sight!

Vanquished Creatures
  A bat (D:1)
  2 giant cockroaches (D:1)
  2 hobgoblins (D:1)
  A frilled lizard (D:1)
  3 rats (D:1)
9 creatures vanquished.

Notes
Turn   | Place    | Note
-------+----------+-------------------------------------------
     0 | Abyss:1  | feelmyfire the Demonspawn Abyssal Knight began the quest
                  | for the Orb.
     0 | Abyss:1  | Reached XP level 1. HP: 18/18 MP: 2/2
    22 | D:1      | Escaped the Abyss
   296 | D:1      | Gained mutation: You have sharp fingernails. [demonic
                  | ancestry]
   296 | D:1      | Reached XP level 2. HP: 22/24 MP: 4/4
   411 | D:1      | Quit the game

Illustrated notes

Levels and vault maps discovered:
D:1:      minmay_arrival_stone_box, layout_rooms

Skill      XL: |  1 |
---------------+----+-----
Long Blades    | 2 |  2.3
Fighting       | |  3.0
Armour         | |  1.7
Dodging        | |  0.8
Invocations    | |  2.8

Action                   || total
-------------------------++-------
Melee: Falchion          ||    19
Armor: Leather armour    ||     9
Dodge: Dodged            ||     7
       Rpst.: Falchion   ||     3

Table legend: (Time is in decaauts)
 A = Elapsed time spent in this place.
 B = Non-inter-level travel time spent in this place.
 C = Inter-level travel time spent in this place.
 D = Time resting spent in this place.
 E = Time spent auto-exploring this place.
 F = Levels seen in this place.
 G = Mean time per level.
                   A        B        C        D        E       F      G
               +--------+--------+--------+--------+--------+-----+--------+
         Total |    416 |    416 |      0 |    170 |    180 |   2 |  208.0 |
       Dungeon |    392 |    392 |      0 |    170 |    167 |   1 |  392.0 |
         Abyss |     23 |     23 |      0 |      0 |     13 |   1 |   23.0 |
               +--------+--------+--------+--------+--------+-----+--------+

Top non-repeatable levels by time:
     D:1: 392 daAuts
 Abyss:1: 23 daAuts
